 Dungeon Crawl Stone Soup version 0.23.2 (webtiles) character file.

Game seed: 12063487246227625595

163 Leeroy the Digger (level 5, -6/35 HPs)
             Began as a Formicid Earth Elementalist on Apr 12, 2019.
             Mangled by a bullfrog (8 damage)
             ... on level 3 of the Dungeon.
             The game lasted 00:08:32 (2595 turns).

Leeroy the Digger (Formicid Earth Elementalist)     Turns: 2595, Time: 00:08:33

Health: -6/35      AC:  2    Str: 16 (18) XL:     5   Next: 73%
Magic:  7/8        EV: 12    Int: 15      God:
Gold:   93         SH:  0    Dex:  9      Spells: 2/8 levels left

rFire    . . .     SeeInvis +   x - +0 falchion
rCold    . . .     Gourm    .   (no shield)
rNeg     . . .     Faith    .   c - +0 robe
rPois    .         Spirit   .   (helmet unavailable)
rElec    .         Reflect  .   (no cloak)
rCorr    .         Harm     .   (no gloves)
MR       .....                  (no boots)
Stlth    ++........             (no amulet)
HPRegen  0.11/turn              (no ring)
MPRegen  0.11/turn              (no ring)

@: mighty
A: permanent stasis, dig shafts and tunnels, four strong arms, antennae 3,
talons 1, clumsy 1
a: Dig, Shaft Self


You were on level 3 of the Dungeon.
You were not hungry.

You visited 1 branch of the dungeon, and saw 3 of its levels.

You collected 93 gold pieces.

Inventory:

Hand Weapons
 g - a cursed +0 short sword
 k - a +0 club
 o - a +0 short sword
 s - a +0 hunting sling
 t - a +0 spear
 u - a +1 dagger of draining
 x - a +0 falchion (weapon)
 y - a +0 hand axe
Missiles
 b - 125 stones (quivered)
 n - 11 poisoned needles
 q - 50 sling bullets
Armour
 c - a +0 robe (worn)
 j - a +0 scale mail
 m - a +0 cloak
 v - a +0 plate armour
Jewellery
 i - an uncursed ring of see invisible
Scrolls
 a - a scroll of enchant weapon {unknown}
 e - 2 scrolls of blinking {unknown}
 h - 4 scrolls of noise {unknown}
 l - a scroll of teleportation {unknown}
 p - a scroll of remove curse {unknown}
 r - 3 scrolls of identify
 A - a scroll of enchant armour {unknown}
Comestibles
 d - 5 rations
 w - 5 chunks of flesh


   Skills:
 - Level 2.2(2.3) Short Blades
 * Level 0.4(1.5) Long Blades
 - Level 1.8 Dodging
 - Level 2.4 Stealth
 - Level 2.4 Spellcasting
 - Level 1.1 Transmutations
 * Level 6.2 Earth Magic


You had 2 spell levels left.
You knew the following spells:

 Your Spells              Type           Power        Failure   Level  Hunger
a - Sandblast             Erth           ###...       1%          1    #......
b - Stone Arrow           Conj/Erth      ##....       19%         3    ###....
c - Passwall              Tmut/Erth      ##......     7%          2    ###....

Your spell library contained the following spells:

 Spells                   Type           Power        Failure   Level  Hunger
 Petrify                  Tmut/Erth      ##......     43%         4    #####..
 Lee's Rapid Deconstruct  Erth           ###.......   43%         5    ######.


Dungeon Overview and Level Annotations

Branches:
Dungeon (3/15)

Altars:
Ashenzari
Nemelex Xobeh
Yredelemnul


Innate Abilities, Weirdness & Mutations

You cannot be hasted, slowed, berserked, paralysed or teleported.
You can dig through walls and to a lower floor.
Your four strong arms can wield two-handed weapons with a shield.
You have a pair of large antennae on your head. (SInv)
You have sharp toenails.
You are clumsy. (Dex -2)


Message History

Aim: a bullfrog The blast of sand hits the bullfrog!
The bullfrog is heavily wounded.
b - 125 stones The bullfrog barely misses you.
The bullfrog hits you.
* * * LOW HITPOINT WARNING * * *
The bullfrog hits you but does no damage.
The bullfrog snags a nearby fly with its tongue.
The bullfrog hits you!
* * * LOW HITPOINT WARNING * * *
Drop what? 27/52 slots (_ for help) (? for menu, Esc to quit)
Okay, then.
It was a potion of mutation.
You feel extremely strange.
You feel clumsy.
Your vision blurs.
Your vision sharpens.
Your toenails lengthen and sharpen.
The bullfrog closely misses you.
It was a potion of might.
You feel very mighty all of a sudden. The bullfrog hits you!
You die...

##########.#...
..........>'... #.#
#########.#
..........#
########..# #...#K.#
###.#.#Fg#
#.....@..#
#####.#+######
#.รท......#
#........###
#####...........
....#.#.........
#.............
..#.............
#####.#.............


You could see a bullfrog, a goblin and a kobold.

Vanquished Creatures
  An orc priest (D:3)
  Terence (D:3)
  Natasha (D:3)
  3 adders (D:2)
  A worm (D:2)
  2 dart slugs (D:2)
  A leopard gecko (D:3)
  5 orcs
  2 giant cockroaches
  6 goblins
  3 hobgoblins
  6 bats
  5 frilled lizards
  5 kobolds
  4 rats (D:2)
46 creatures vanquished.

Notes
Turn   | Place    | Note
-------+----------+-------------------------------------------
     0 | D:1      | Leeroy the Formicid Earth Elementalist began the quest for
                  | the Orb.
     0 | D:1      | Reached XP level 1. HP: 13/13 MP: 3/3
    73 | D:1      | Found a shattered altar of Ashenzari.
   273 | D:1      | Reached skill level 4 in Earth Magic
   273 | D:1      | Reached XP level 2. HP: 18/19 MP: 5/5
   622 | D:1      | You fall through a shaft!
   659 | D:2      | Reached XP level 3. HP: 19/24 MP: 0/6
   669 | D:2      | Learned a level 3 spell: Stone Arrow
   745 | D:2      | Found a sparkling altar of Nemelex Xobeh.
   753 | D:2      | Reached skill level 5 in Earth Magic
   854 | D:2      | Found a basalt altar of Yredelemnul.
   883 | D:2      | Reached XP level 4. HP: 2/30 MP: 3/7
   883 | D:2      | HP: 1/30 [poisoned by an adder]
   891 | D:2      | HP: 2/45 [poisoned by an adder]
   899 | D:2      | HP: 1/45 [poisoned by an adder]
  1851 | D:2      | Learned a level 2 spell: Passwall
  1886 | D:3      | Noticed Natasha
  1895 | D:3      | Killed Natasha
  1895 | D:3      | Reached skill level 1 in Short Blades
  2045 | D:3      | Noticed Terence
  2086 | D:3      | Killed Terence
  2086 | D:3      | Reached XP level 5. HP: 10/35 MP: 4/8
  2526 | D:3      | Reached skill level 6 in Earth Magic
  2585 | D:3      | Noticed a bullfrog
  2594 | D:3      | Gained mutation: You are clumsy. (Dex -2) [potion of
                  | mutation]
  2594 | D:3      | Gained mutation: Scrolls take you a little longer to read.
                  | [potion of mutation]
  2594 | D:3      | Lost mutation: Scrolls take you a little longer to read.
                  | [potion of mutation]
  2594 | D:3      | Gained mutation: You have sharp toenails. [potion of
                  | mutation]
  2595 | D:3      | Mangled by a bullfrog

Skill      XL: |  1  2  3  4  5 |
---------------+----------------+-----
Earth Magic    | 4 5 6 |  6.2
Short Blades   | 2 |  2.2
Long Blades    | |  0.4
Dodging        | |  1.8
Stealth        | |  2.4
Spellcasting   | |  2.4
Transmutations | |  1.1

Action                   |  1- 3 |  4- 6 || total
-------------------------+-------+-------++-------
Melee: Unarmed           |    21 |       ||    21
       Club              |     7 |       ||     7
       Short sword       |    33 |    52 ||    85
       Dagger            |       |     4 ||     4
       Falchion          |       |    19 ||    19
 Cast: Sandblast         |    22 |    14 ||    36
       Stone Arrow       |     1 |     3 ||     4
       Passwall          |       |     1 ||     1
  Use: Potion            |     1 |     4 ||     5
       Scroll            |       |     1 ||     1
 Stab: Sleeping          |     1 |     2 ||     3
  Eat: Chunk             |       |     7 ||     7
Armor: Robe              |    18 |     9 ||    27
Dodge: Dodged            |    44 |    49 ||    93
       Rpst.: Falchion   |       |     2 ||     2
